 Dungeon Crawl Stone Soup version 0.22-a0-480-g991dd4b (webtiles) character file.

4216 Gaball the Cleaver (level 10, -5/94 HPs)
             Began as a Hill Orc Monk on June 16, 2018.
             Was a Believer of Qazlal.
             Slain by a troll (6 damage)
             ... on level 9 of the Dungeon.
             The game lasted 00:29:54 (13659 turns).

Gaball the Cleaver (Hill Orc Monk)                 Turns: 13659, Time: 00:29:55

Health: -5/94      AC:  6    Str: 18    XL:     10   Next: 30%
Magic:  12/12      EV: 12    Int: 10    God:    Qazlal [**....]
Gold:   264        SH:  3    Dex: 13    Spells: 9/9 levels left

rFire    + . .     SeeInvis +   a - +0 hand axe
rCold    . . .     Gourm    .   (no shield)
rNeg     . . .     Faith    .   n - +1 leather armour of Decompression {rF+ SInv}
rPois    .         Spirit   .   (helmet restricted)
rElec    .         Reflect  .   (no cloak)
rCorr    .         Harm     .   d - +0 pair of gloves
MR       .....                  (no boots)
Stlth    +.........             (no amulet)
HPRegen  0.25/turn              (no ring)
MPRegen  0.13/turn              (no ring)

@: no status effects
A: horns 1, subdued magic 1
a: Upheaval, Renounce Religion


You were on level 9 of the Dungeon.
You worshipped Qazlal.
Qazlal was pleased with you.
You were hungry.

You visited 2 branches of the dungeon, and saw 11 of its levels.

You collected 467 gold pieces.
You spent 203 gold pieces at shops.

Inventory:

Hand Weapons
 a - a +0 hand axe (weapon)
 g - a cursed -2 short sword
Missiles
 l - 2 large rocks
Armour
 d - a +0 pair of gloves (worn)
 m - a +0 leather armour
 n - the +1 leather armour of Decompression (worn) {rF+ SInv}
   (You bought it in a shop on level 4 of the Dungeon)

   It protects you from fire.
   It lets you see invisible.
Jewellery
 i - an uncursed ring of ice {unknown}
 j - an uncursed amulet of the acrobat {unknown}
 o - an uncursed ring of wizardry {unknown}
 u - an uncursed ring of magical power {unknown}
 w - an uncursed amulet of the gourmand {unknown}
 x - an uncursed ring of positive energy {unknown}
 I - a cursed ring of wizardry {unknown}
Wands
 f - a wand of digging (12)
 H - a wand of flame (34)
Scrolls
 e - a scroll of immolation
 k - 3 scrolls of blinking {unknown}
 p - a scroll of remove curse
 q - a scroll of fear {unknown}
 s - 4 scrolls of enchant armour
 t - a scroll of amnesia {unknown}
 y - a scroll of fog {unknown}
 B - a scroll of noise {unknown}
Potions
 h - 2 potions of degeneration
 D - a potion of mutation
Comestibles
 c - 14 rations


   Skills:
 * Level 10.7 Fighting
 + Level 12.4 Axes
 * Level 7.5 Armour
 - Level 2.4 Dodging
 - Level 1.5 Stealth
 + Level 3.1 Invocations


You had 9 spell levels left.
You didn't know any spells.
Your spell library was empty.

Dungeon Overview and Level Annotations

Branches:
Dungeon (10/15)            Temple (1/1) D:7
   Lair: D:8-11         Orc: D:9-12

Altars:
Ashenzari
Cheibriados
Dithmenos
Elyvilon
Fedhas
Gozag
Hepliaklqana
Kikubaaqudgha
Nemelex Xobeh
Okawaru
Qazlal
Ru
Sif Muna
Trog
Uskayaw
Wu Jian
Xom
Yredelemnul
Zin
The Shining One

Shops:
D:4 %:[:

Annotations:
D:5 Edmund
D:8 Maurice


Innate Abilities, Weirdness & Mutations

You have a pair of small horns on your head.
Your spells are a little easier to cast, but a little less powerful.


Message History

There is a stone staircase leading down, spattered with blood here.
You climb downwards.
An ice beast and an ogre come into view.
The ogre shouts!
There is a stone staircase leading up here.
The ice beast hits you. The ice beast freezes you!
You climb upwards.
The troll bites you! The troll claws you.
* * * LOW HITPOINT WARNING * * *
The troll barely misses you. The troll misses you. The troll claws you!
* * * LOW HITPOINT WARNING * * *
The troll claws you.
* * * LOW HITPOINT WARNING * * *
There is a stone staircase leading down, spattered with blood here.
Okay, then.
As you read the scroll labeled QIUFET DUTZOHE, it crumbles to dust.
The creatures around you are filled with an inner flame!
It was a scroll of immolation.
The troll bites you!
* * * LOW HITPOINT WARNING * * *
The troll claws you.
You die...

#######.###. #
#########........... ####
#......#...####...## ....
#.####......##...... ## .#
#.#.........###...## # .#
#.#.##......# ##.## .#
#......#...## #.# ##.
###T######## #.# #.. #@Y....#
##+## #.# ######.# ##...## #.##
#####.#####.....# # #..##
#................
####...##########..T..###........
'....#..................'........
###.###.#########.....###........
##.## ##.# #.#.#.# #........
##.###.###### #.###.# #.#.....#


You could see a troll (inner flame) and an ice beast (inner flame).

Vanquished Creatures
  The ghost of George the Destroyer, a novice GnCj of Hepliaklqana (D:8)
  Pikel (D:7)
  A kobold demonologist (D:7)
  Prince Ribbit (D:7)
  A hippogriff (D:7)
  Menkaure (D:8)
  3 ice beasts
  3 ogres
  3 centaurs
  7 bullfrogs
  A wyvern zombie (D:9)
  A water moccasin zombie (D:7)
  A scorpion (D:4)
  2 wights (D:7)
  A howler monkey (D:6)
  3 crimson imps
  5 jellies (D:8)
  A centaur skeleton (D:7)
  2 centaur zombies
  A gnoll shaman (D:6)
  A hound (D:8)
  2 orc wizards
  4 iguanas
  3 worker ants
  A worker ant zombie (D:6)
  17 gnolls
  6 adders
  2 shadow imps
  7 oozes
  2 adder skeletons
  An adder zombie (D:8)
  3 worms
  2 dart slugs (D:1)
  9 leopard geckos
  8 orcs
  10 bats
  4 giant cockroaches (D:1)
  6 goblins (D:1)
  3 hobgoblins
  7 jackals
  2 quokkas
  4 frilled lizards (D:1)
  11 kobolds
  12 rats
167 creatures vanquished.

Vanquished Creatures (others)
  4 slaves (D:7)
  A bullfrog (D:7)
  A shadow imp (D:7)
6 creatures vanquished.

Grand Total: 173 creatures vanquished

Notes
Turn   | Place    | Note
-------+----------+-------------------------------------------
     0 | D:1      | Gaball the Hill Orc Monk began the quest for the Orb.
     0 | D:1      | Reached XP level 1. HP: 19/19 MP: 1/1
    68 | D:1      | Reached XP level 2. HP: 23/26 MP: 2/2
    91 | D:1      | Reached skill level 5 in Axes
   437 | D:1      | Reached XP level 3. HP: 7/31 MP: 3/3
  1075 | D:1      | Reached skill level 6 in Axes
  1345 | D:2      | Found a basalt altar of Yredelemnul.
  1347 | D:2      | Found a shimmering altar of Xom.
  1507 | D:2      | Reached XP level 4. HP: 28/39 MP: 4/4
  1659 | D:2      | Found a shadowy altar of Dithmenos.
  2112 | D:2      | Reached skill level 7 in Axes
  2603 | D:3      | Reached XP level 5. HP: 38/45 MP: 5/5
  3375 | D:3      | Reached skill level 8 in Axes
  3781 | D:3      | Found a sparkling altar of Nemelex Xobeh.
  4124 | D:4      | Found a hazy altar of Hepliaklqana.
  4153 | D:4      | Found Sylefaw's Book Emporium.
  4187 | D:4      | Found Ceifeosai's Food Shop.
  4187 | D:4      | Noticed an ogre
  4212 | D:5      | Entered Level 5 of the Dungeon
  4230 | D:5      | Reached XP level 6. HP: 52/52 MP: 6/6
  4443 | D:5      | Noticed Edmund
  5132 | D:4      | Reached skill level 5 in Fighting
  5132 | D:4      | Reached skill level 9 in Axes
  5178 | D:4      | Found Syizour's Antique Armour Shoppe.
  5314 | D:4      | Found Ugeful's Book Shop.
  5365 | D:4      | Found a blossoming altar of Fedhas.
  5430 | D:4      | Bought an encrusted leather armour for 203 gold pieces
  5443 | D:4      | Identified the +1 leather armour of Decompression {rF+ SInv} (You bought it in a shop on level 4 of the Dungeon)
  5764 | D:3      | Reached XP level 7. HP: 43/61 MP: 7/7
  6705 | D:6      | Found a white marble altar of Elyvilon.
  6910 | D:6      | Reached skill level 10 in Axes
  7210 | D:6      | Reached XP level 8. HP: 67/71 MP: 8/8
  7282 | D:6      | Found a sacrificial altar of Ru.
  7736 | D:6      | Reached skill level 1 in Armour
  8020 | D:7      | Noticed a hippogriff
  8032 | D:7      | Noticed Menkaure
  8099 | D:7      | Found a staircase to the Ecumenical Temple.
  8358 | D:7      | Noticed a kobold demonologist
  8359 | D:7      | Noticed a hellwing
  9322 | D:7      | Noticed a hippogriff
  9386 | Temple   | Entered the Ecumenical Temple
  9468 | Temple   | Became a worshipper of Qazlal Stormbringer
  9468 | Temple   | Reached * piety under Qazlal
  9468 | Temple   | Reached ** piety under Qazlal
  9528 | D:7      | Noticed Pikel
  9544 | D:7      | Reached skill level 11 in Axes
  9578 | D:7      | Killed Pikel
  9578 | D:7      | Reached XP level 9. HP: 13/82 MP: 9/9
  9954 | D:7      | Noticed Prince Ribbit
  9961 | D:7      | Gained mutation: Your spells are a little easier to cast, but a little less powerful. [potion of mutation]
  9961 | D:7      | Gained mutation: You have a pair of small horns on your head. [potion of mutation]
  9972 | D:7      | Killed Prince Ribbit
 10140 | D:7      | Reached skill level 5 in Armour
 10604 | D:7      | Noticed a rust devil
 10691 | D:7      | Killed a kobold demonologist
 11261 | D:8      | Reached skill level 12 in Axes
 11360 | D:8      | Noticed George's ghost (novice GnCj)
 11498 | D:8      | Noticed Maurice
 11592 | D:9      | Noticed a troll
 11868 | D:8      | Killed Menkaure
 11868 | D:8      | Reached skill level 10 in Fighting
 11868 | D:8      | Reached skill level 1 in Invocations
 12412 | D:8      | Killed George's ghost
 12412 | D:8      | Reached XP level 10. HP: 30/94 MP: 9/11
 13656 | D:10     | Entered Level 10 of the Dungeon
 13659 | D:9      | HP: 1/94 [troll (12)]
 13659 | D:9      | Slain by a troll

Vault maps used:
D:1:      onia_arrival_larder, serial_forest, infiniplex_forest_straight_4,
          infiniplex_forest_corner_1, infiniplex_forest_lined_corner,
          infiniplex_forest_clump_long, infiniplex_forest_clump_diagonal,
          infiniplex_forest_lined_3_way, infiniplex_forest_lined_room_2,
          infiniplex_forest_lined_3, infiniplex_forest_clump_cross, st_stairs_6,
          hex_tiny
D:2:      grunt_dithmenos_smoke_and_mirrors,
          chequers_temple_overflow_statue_of_worship
D:3:      nemelex_dance_club_becter
D:4:      old_standard_altar, lemuel_coloured_pillars_altar, serial_shops,
          nicolae_shop_stone, nicolae_shop_behind_doors, kennysheep_little_box,
          shop
D:5:      first_ration, kennysheep_dice, uniq_edmund
D:6:      old_standard_altar, hangedman_ru_absence
D:7:      hangedman_cross_stitches, minmay_temple_entry_statues_pillars,
          uniq_prince_ribbit1, uniq_menkaure, uniq_pikel
D:8:      grunt_temple_overflow_lords_of_destruction,
          hangedman_little_slice_of_home, uniq_maurice
D:9:      hangedman_abyss_or_decor_clamps
D:10:     dpeg_lair_monsters, nrook_loot_triangle
Temple:   nicolae_temple_great_sept

Skill      XL: |  1  2  3  4  5  6  7  8  9 10 |
---------------+-------------------------------+-----
Axes           | 5 6 7 8 9 10 11 12 | 12.4
Fighting       | 4 5 6 8 10 | 10.7
Armour         | 4 7 |  7.5
Invocations    | 2 3 |  3.1
Dodging        | |  2.4
Stealth        | |  1.5

Action                   |  1- 3 |  4- 6 |  7- 9 | 10-12 || total
-------------------------+-------+-------+-------+-------++-------
Melee: Hand axe          |   112 |   218 |   481 |   119 ||   930
       Headbutt          |       |       |    38 |    27 ||    65
Evoke: Wand              |       |       |     3 |       ||     3
  Use: Scroll            |       |     4 |     2 |     1 ||     7
       Potion            |       |     2 |    13 |     3 ||    18
 Stab: Sleeping          |     2 |     5 |       |       ||     7
       Invisible         |       |       |     2 |       ||     2
  Eat: Chunk             |     2 |     9 |    13 |     2 ||    26
       Ration            |       |     1 |     3 |       ||     4
Armor: Robe              |    17 |     2 |       |       ||    19
       Leather armour    |       |    48 |    75 |    12 ||   135
       Skin              |       |       |     9 |     3 ||    12
Dodge: Dodged            |    65 |   107 |   233 |    47 ||   452
Block: Other             |       |       |    15 |    12 ||    27

Table legend:
 A = Spawn XP
 B = Non-spawn XP
 C = Spawn XP percentage of total XP
 D = Spawn monster count
 E = Non-spawn monster count
 F = Spawn count percentage of total count
 G = Total turns spent on level
                    A         B        C        D         E        F      G
               +---------+---------+-------+---------+---------+-------+---------
         Total |       0 |    6024 |   0.0 |       0 |     167 |   0.0 | 13659
               +---------+---------+-------+---------+---------+-------+---------
           D:1 |       0 |      63 |   0.0 |       0 |      35 |   0.0 |  1349
           D:2 |       0 |      72 |   0.0 |       0 |      11 |   0.0 |  1451
           D:3 |       0 |     184 |   0.0 |       0 |      27 |   0.0 |  1524
           D:4 |       0 |     115 |   0.0 |       0 |       6 |   0.0 |   884
           D:5 |       0 |     325 |   0.0 |       0 |       6 |   0.0 |  1086
           D:6 |       0 |     724 |   0.0 |       0 |      19 |   0.0 |  2606
           D:7 |       0 |    2350 |   0.0 |       0 |      25 |   0.0 |  2017
           D:8 |       0 |    1704 |   0.0 |       0 |      24 |   0.0 |  1861
           D:9 |       0 |     487 |   0.0 |       0 |      14 |   0.0 |   785
               +---------+---------+-------+---------+---------+-------+---------
